Map: 이터널 엠파이어 - 래더

Players

Reynor

  • Race: Zerg Zerg
  • Spawn Location: 7:00

Zest - Winner!

  • Race: Protoss Protoss
  • Spawn Location: 1:00

Event: StayAtHomestory Cup #2

VOD

https://www.youtube.com/watch?v=9NQQ-qYkwms

Description

Time

  • Played on: June 12, 2020, 1:50 p.m.
  • Length: 5:50

All games in this series

Show
View Real Time Build Order
Export as new Build Order

Reynor Zerg 

Build Orders: Hatch First 

Get SALT Encoding   

  12  0:00  Drone  
  13  0:12  Overlord  
  13  0:17  Drone  
  14  0:30  Drone x2  
  16  0:45  Drone  
  16  0:47  Drone  
  18  0:55  Hatchery  
  17  0:58  Drone  
  18  1:04  Extractor  
  17  1:14  Spawning Pool  
  17  1:16  Drone  
  17  1:20  Drone  
  18  1:28  Drone  
  19  1:38  Drone  
  20  1:49  Overlord  
  20  2:01  Queen  
  20  2:06  Zergling x2  
  20  2:07  Drone  
  24  2:10  Queen  
  24  2:11  Metabolic Boost  
  24  2:13  Drone  
  27  2:18  Zergling x2  
  29  2:22  Drone  
  30  2:30  Drone  
  30  2:36  Hatchery  
  29  2:40  Drone  
  29  2:41  Zergling x2  
  29  2:44  Drone  
  32  2:54  Overlord  
  32  2:55  Queen  
  34  2:58  Drone  
  34  3:01  Drone  
  36  3:09  Overlord  
  36  3:14  Overlord  
  35  3:27  Overlord  
  35  3:28  Drone x3  
  35  3:29  Queen  
  35  3:31  Queen  
  42  3:35  Drone  
  42  3:38  Drone  
  44  3:44  Drone x2  
  44  3:45  Drone x2  
  44  3:47  Drone  
  49  3:54  Queen  
  51  3:57  Drone x2  
  51  3:58  Drone  
  51  4:02  Zergling x2  
  55  4:03  Zergling x4  
  55  4:04  Zergling x2  
  55  4:09  Zergling x4  
  60  4:11  Drone  
  60  4:16  Roach Warren  
  60  4:19  Zergling x2  
  60  4:21  Zergling x4  
  63  4:28  Overlord  
  63  4:31  Zergling x4  
  63  4:34  Spore Crawler  
  64  4:40  Zergling x4  
  64  4:41  Overlord  
  64  4:42  Overlord  
  64  4:44  Spore Crawler  
  65  4:45  Spore Crawler  
  65  4:47  Zergling x10  
  65  4:51  Queen  
  71  4:54  Zergling x2  
  71  4:55  Zergling x2  
  71  4:59  Zergling x2  
  69  5:03  Zergling x4  
  69  5:04  Zergling x2  
  69  5:05  Zergling x2  
  56  5:15  Roach x3  
  50  5:21  Roach x2  
  50  5:28  Zergling x2  
Show
View Real Time Build Order
Export as new Build Order

Zest Protoss - Winner!

Build Orders: 1 Gate Expand, Mass Adepts 

Get SALT Encoding   

  12  0:00  Probe  
  13  0:13  Probe  
  14  0:20  Pylon  
  14  0:25  Probe  
  15  0:34  Probe  
  15  0:42  Probe, Gateway  
  17  0:51  Assimilator  
  17  0:52  Probe  
  18  1:04  Probe  
  19  1:16  Probe  
  20  1:26  Nexus  
  20  1:37  Cybernetics Core  
  20  1:39  Probe  
  21  1:45  Assimilator  
  21  1:51  Probe  
  21  1:54  Pylon  
  22  2:00  Probe  
  22  2:03  Adept  
  23  2:08  Probe  
  23  2:13  Warp Gate  
  26  2:17  Probe  
  27  2:23  Twilight Council  
  27  2:25  Stalker  
  28  2:30  Probe  
  30  2:38  Probe  
  30  2:42  Probe  
  32  2:50  Robotics Facility  
  32  2:53  Probe  
  32  2:55  Probe  
  34  3:01  Resonating Glaives  
  34  3:03  Gateway  
  34  3:05  Probe  
  35  3:10  Adept  
  37  3:26  Gateway x2  
  37  3:27  Warp Prism  
  37  3:31  Probe  
  40  3:43  Pylon  
  40  3:44  Probe  
  40  3:46  Probe  
  42  3:57  Probe  
  42  3:58  Probe  
  42  3:59  Pylon  
  42  4:01  Adept  
  42  4:02  Adept  
  48  4:09  Probe  
  49  4:10  Probe  
  49  4:15  Observer  
  51  4:17  Pylon  
  51  4:24  Adept x4  
  55  4:28  Assimilator  
  59  4:34  Pylon  
  59  4:43  Probe  
  59  4:44  Adept  
  59  4:45  Adept x3  
  68  4:46  Probe  
  69  5:05  Adept x3  
  69  5:06  Adept  
  63  5:27  Adept x4  
  71  5:30  Probe x2  
  71  5:32  Assimilator  
Tags
 
Add a new tag
Caveats
  • Supply blocks, unpowered buildings, or Contaminate may cause inaccurate times.
  • Supply counts are checked every 10 seconds.